 Dungeon Crawl Stone Soup version 0.28.0-45-g0d030f2227 (webtiles) character file.

Game seed: 4223987640430826790

30 Ablot the Grasshopper (level 3, 0/31 HPs)
             Began as a Gnoll Warper on Apr 4, 2022.
             Slain by an orc priest
             ... wielding a +0 flail
              (7 damage)
             ... on level 2 of the Dungeon.
             The game lasted 00:00:47 (1097 turns).

Ablot the Grasshopper (Gnoll Warper)                Turns: 1097, Time: 00:00:47

Health: 0/31       AC:  3    Str: 12    XL:     3   Next: 20%
Magic:  9/9        EV: 12    Int: 12    God:
Gold:   6          SH:  0    Dex: 11    Spells: 10/12 levels left

rFire   . . .      SeeInvis .   a - +0 spear
rCold   . . .      Faith    .   (no shield)
rNeg    . . .      Spirit   .   b - +0 leather armour
rPois   .          Reflect  .   (no helmet)
rElec   .          Harm     .   (no cloak)
rCorr   .          Rampage  .   (no gloves)
Will    .....                   (no boots)
Stlth   +.........              (no amulet)
HPRegen 0.10/turn               (no ring)
MPRegen 0.11/turn               (no ring)

@: no status effects
A: fangs 1, strong nose, distributed training
a: no special abilities


You were on level 2 of the Dungeon.
You visited 1 branch of the dungeon, and saw 2 of its levels.

You collected 6 gold pieces.

Inventory:

Hand Weapons
 a - a +0 spear (weapon)
Missiles
 d - 5 boomerangs of dispersal (quivered)
 f - 54 stones
 g - 33 bolts
Armour
 b - a +0 leather armour (worn)
Jewellery
 j - a ring of fire
Scrolls
 c - a scroll of blinking
 h - a scroll of teleportation {unknown}
 i - a scroll of identify {unknown}
Potions
 e - a potion of ambrosia {unknown}


   Skills:
 + Level 4.5 Fighting
 + Level 0.6 Short Blades
 + Level 0.6 Long Blades
 + Level 0.6 Axes
 + Level 0.6 Maces & Flails
 + Level 4.5 Polearms
 + Level 0.6 Staves
 + Level 0.6 Slings
 + Level 0.6 Bows
 + Level 0.6 Crossbows
 + Level 2.5 Throwing
 + Level 2.5 Armour
 + Level 4.5 Dodging
 + Level 0.6 Stealth
 + Level 0.6 Shields
 + Level 0.6 Unarmed Combat
 + Level 5.0 Spellcasting
 + Level 0.4 Conjurations
 + Level 0.4 Hexes
 + Level 0.4 Summonings
 + Level 0.4 Necromancy
 + Level 5.4 Translocations
 + Level 0.4 Transmutations
 + Level 0.4 Fire Magic
 + Level 0.4 Ice Magic
 + Level 0.4 Air Magic
 + Level 0.4 Earth Magic
 + Level 0.4 Poison Magic
 + Level 0.8 Invocations
 + Level 0.6 Evocations


You had 10 spell levels left.
You knew the following spells:

 Your Spells              Type           Power      Damage    Failure   Level
a - Blink                 Tloc           30%        N/A       4%          2

Your spell library contained the following spells:

 Spells                   Type           Power      Damage    Failure   Level
 Gell's Gravitas          Tloc           15%        N/A       9%          3
 Lesser Beckoning         Tloc           15%        N/A       9%          3
 Teleport Other           Tloc           15%        N/A       9%          3
 Ozocubu's Armour         Ice            4%         N/A       54%         3
 Manifold Assault         Tloc           15%        N/A       61%         5
 Ozocubu's Refrigeration  Ice            2%         4d5       100%        7


Dungeon Overview and Level Annotations

Branches:
Dungeon (2/15)

Altars:


Innate Abilities, Weirdness & Mutations

You have very sharp teeth.
Your uncanny sense of smell can sniff out nearby items.
Your experience applies equally to all skills.


Message History

You closely miss the rat. You bite the rat.
You kill the rat!
No target in view!
No target in view!
No target in view!
No target in view!
You see here a rat corpse.
You pick up Ozocubu's Autobiography and begin reading...
You add the spells Ozocubu's Armour and Ozocubu's Refrigeration to your library.
As you open the door, it creaks loudly!
Done exploring.
There is a stone staircase leading down here.
You climb downwards.
There is a stone staircase leading up here.
You climb upwards.
There is a stone staircase leading down here.
There is an open door here.
There is a stone staircase leading down here.
You climb downwards.
The orc shouts!
The orc priest shouts!
The orc shouts!
Found five items.
There is a stone staircase leading up here.
A hobgoblin comes into view.
You see here a ring of fire.
j - a ring of fire The hobgoblin shouts!
You closely miss the orc.
The orc priest shouts!
The quokka bites you but does no damage.
The orc barely misses you.
You closely miss the orc. The quokka bites you.
The orc priest invokes the aid of Beogh against you.
Beogh smites you! The orc hits you with a +0 flail!
* * * LOW HITPOINT WARNING * * *
You hit the orc. Your bite misses the orc.
The orc is almost dead.
The quokka barely misses you. The orc barely misses you.
An adder comes into view.
The orc priest hits you with a +0 flail!
You die...

.........o.....
...............
................
..........o.....
......).........
#...........!.#
..............#
......ooo.....#
......r@g.....##
................
................
........##.#S?..
.....(..# .# ##.
######### #


You could see 2 orc priests, an adder, 2 orcs, a quokka and a hobgoblin.

Vanquished Creatures
  3 bats (D:1)
  4 endoplasms (D:1)
  A giant cockroach (D:1)
  3 goblins (D:1)
  2 hobgoblins (D:1)
  3 jackals (D:1)
  4 quokkas (D:1)
  A frilled lizard (D:1)
  4 kobolds (D:1)
  2 rats (D:1)
27 creatures vanquished.

Notes
Turn   | Place    | Note
-------+----------+-------------------------------------------
     0 | D:1      | Ablot the Gnoll Warper began the quest for the Orb.
     0 | D:1      | Reached XP level 1. HP: 20/20 MP: 6/6
   153 | D:1      | Reached XP level 2. HP: 9/26 MP: 7/7
   405 | D:1      | Learned a level 2 spell: Blink
   505 | D:1      | Reached XP level 3. HP: 17/31 MP: 9/9
   512 | D:1      | Reached skill level 5 in Spellcasting
  1097 | D:2      | Slain by an orc priest

Illustrated notes

Levels and vault maps discovered:
D:1:      lemuel_arrival_rhombus, layout_rooms, hangedman_feature_mirror,
          minmay_bisected
D:2:      layout_rooms, ebering_ecumenical_altar_petrified,
          kennysheep_crisscross, lemuel_old_faithful

Skill      XL: |  1  2  3 |
---------------+----------+-----
Spellcasting   | 5 |  5.0
Fighting       | |  4.5
Short Blades   | |  0.6
Long Blades    | |  0.6
Axes           | |  0.6
Maces & Flails | |  0.6
Polearms       | |  4.5
Staves         | |  0.6
Slings         | |  0.6
Bows           | |  0.6
Crossbows      | |  0.6
Throwing       | |  2.5
Armour         | |  2.5
Dodging        | |  4.5
Stealth        | |  0.6
Shields        | |  0.6
Unarmed Combat | |  0.6
Conjurations   | |  0.4
Hexes          | |  0.4
Summonings     | |  0.4
Necromancy     | |  0.4
Translocations | |  5.4
Transmutations | |  0.4
Fire Magic     | |  0.4
Ice Magic      | |  0.4
Air Magic      | |  0.4
Earth Magic    | |  0.4
Poison Magic   | |  0.4
Invocations    | |  0.8
Evocations     | |  0.6

Action                   || total
-------------------------++-------
Melee: Spear             ||   100
       Bite              ||     7
       Punch             ||     2
Armor: Leather armour    ||    13
Dodge: Dodged            ||    47
